 Dungeon Crawl Stone Soup version 0.29.0-11-gd7f09526c8 (console) character file.

Game seed: 18088482380502932473

1033 beardedkeet the Cleaver (level 8, -2/66 HPs)
             Began as a Hill Orc Fighter on Sept 6, 2022.
             Slain by Maggie
             ... wielding a +0 broad axe
              (8 damage)
             ... on level 6 of the Dungeon.
             The game lasted 00:22:34 (5935 turns).

beardedkeet the Cleaver (Hill Orc Fighter)          Turns: 5935, Time: 00:22:34

Health: -2/66      AC:  8    Str: 21    XL:     8   Next: 24%
Magic:  8/8        EV: 14    Int: 12    God:
Gold:   2435       SH:  5    Dex: 10    Spells: 7/7 levels left

rFire   + . .      SeeInvis .   a - +0 war axe
rCold   . . .      Faith    .   c - +0 buckler
rNeg    . . .      Spirit   .   v - +4 leather armour of Resayck {Int+4}
rPois   .          Reflect  .   l - +0 helmet
rElec   .          Harm     .   (no cloak)
rCorr   .          Rampage  .   (no gloves)
Will    .....                   (no boots)
Stlth   +.........              (no amulet)
HPRegen 0.21/turn               p - +4 ring of evasion
MPRegen 0.11/turn               i - ring of protection from fire

@: mesmerised, studying Ranged Weapons
A: no striking features
a: no special abilities


You were on level 6 of the Dungeon.
You visited 1 branch of the dungeon, and saw 6 of its levels.

You collected 2435 gold pieces.

Inventory:

Hand Weapons
 a - a +0 war axe (weapon)
Missiles
 e - 12 poisoned darts (quivered)
Armour
 c - a +0 buckler (worn)
 l - a +0 helmet (worn)
 m - a +0 chain mail
 v - the +4 leather armour of Resayck (worn) {Int+4}
   (You found it on level 5 of the Dungeon)

   Int:       It affects your intelligence (+4).
Jewellery
 h - a ring of see invisible
 i - a ring of protection from fire (right hand)
 p - a +4 ring of evasion (left hand)
Wands
 d - a wand of flame (3)
 r - a wand of roots (7)
Scrolls
 q - 2 scrolls of teleportation
 w - a scroll of enchant weapon {unknown}
 x - a scroll of identify
Potions
 b - 2 potions of magic
 f - 6 potions of curing
 g - 2 potions of haste
 j - a potion of invisibility
 k - a potion of mutation
 n - a potion of cancellation
 o - a potion of lignification
 s - a potion of ambrosia {unknown}
 t - a potion of attraction {unknown}
 u - 3 potions of heal wounds {unknown}


   Skills:
 - Level 3.8 Fighting
 - Level 9.8 Axes
 - Level 3.4 Armour
 + Level 7.1 Shields


You had 7 spell levels left.
You didn't know any spells.
Your spell library contained the following spells:

 Spells                   Type           Power      Damage    Failure   Level
 Sting                    Tmut/Pois      0%         1d3       43%         1
 Poisonous Vapours        Pois/Air       0%         N/A       58%         2
 Sublimation of Blood     Necr           0%         N/A       58%         2
 Wereblood                Tmut           0%         N/A       58%         2
 Olgreb's Toxic Radiance  Pois           0%         N/A       99%         4
 Summon Hydra             Summ           0%         N/A       100%        7


Dungeon Overview and Level Annotations

Branches:
Dungeon (6/15)             Temple (0/1) D:6

Altars:
The Shining One

Annotations:
D:6 Maggie


Message History

Maggie is severely wounded.
Maggie closely misses you.
You barely miss Maggie.
Maggie is severely wounded.
Maggie closely misses you.
You barely miss Maggie.
Maggie is severely wounded.
You hear the slow rusting of a drain nearby.
Maggie gestures at you while chanting. The bolt of fire hits you!
You hit Maggie but do no damage.
Maggie is severely wounded.
Maggie mumbles some strange words.
Maggie attempts to bespell you!
You are mesmerised by Maggie!
You hit Maggie.
Maggie is almost dead.
Maggie points at you and mumbles some strange words.
The bolt of fire hits you!!
* * * LOW HITPOINT WARNING * * *
You're wearing all the rings you can.
Remove which one? (? for menu, Esc to cancel) < or
p - a +4 ring of evasion; > or
h - a ring of see invisible You remove your ring of see invisible.
Maggie casts a spell at you. The bolt of fire misses you.
i - a ring of protection from fire (right hand)
You hit Maggie.
Maggie is almost dead.
Maggie points at you and mumbles some strange words.
The bolt of fire hits you. You resist.
* * * LOW HITPOINT WARNING * * *
You barely miss Maggie.
Maggie is almost dead.
Maggie hits you with a +0 broad axe!
* * * LOW HITPOINT WARNING * * *
You closely miss Maggie.
Maggie is almost dead.
Maggie hits you with a +0 broad axe!
You die...

##...##....#........
...>.......†########
##...##.........)..
.##.##..##..#######
..#.#..##....#.....
#.....##..##......
#.....#..........
........#......##
#...#.###......###
#.#.#.#
#......'.###.#
#.#.#.#
#......#@....#
#.#.#.#
#.......@.....#
..#.#.#
#...........>.+
###.#.#
#######.......#
###.#.# #.......#
#...# #.......#
##### #.......#
#.......#


You could see Maggie (mesmerising).

Vanquished Creatures
  An ice beast (D:5)
  2 black bears
  A centaur (D:3)
  An ogre (D:5)
  6 hounds
  3 orc priests (D:4)
  A jelly (D:4)
  3 iguanas (D:5)
  Terence (D:2)
  2 orc wizards (D:4)
  7 adders
  2 worms (D:4)
  A dart slug (D:4)
  16 orcs
  6 ball pythons
  6 endoplasms
  4 goblins
  6 hobgoblins
  2 quokkas
  2 bats
  2 frilled lizards (D:1)
  3 kobolds
  6 rats
84 creatures vanquished.

Notes
Turn   | Place    | Note
-------+----------+-------------------------------------------
     0 | D:1      | beardedkeet the Hill Orc Fighter began the quest for the
                  | Orb.
     0 | D:1      | Reached XP level 1. HP: 19/19 MP: 1/1
    55 | D:1      | Reached XP level 2. HP: 18/27 MP: 2/2
   259 | D:1      | Reached skill level 3 in Axes
   491 | D:1      | Identified a scroll of acquirement
   491 | D:1      | Acquired 925 gold pieces
   763 | D:2      | Found a glowing golden altar of the Shining One.
   772 | D:2      | Noticed Terence
  1088 | D:2      | Killed Terence
  1089 | D:2      | Reached skill level 4 in Axes
  1089 | D:2      | Reached XP level 3. HP: 9/33 MP: 3/3
  1545 | D:2      | Reached skill level 5 in Axes
  1545 | D:2      | Reached XP level 4. HP: 27/40 MP: 4/4
  2000 | D:3      | Noticed a black bear
  2012 | D:3      | Killed a black bear
  2013 | D:3      | Reached skill level 6 in Axes
  2013 | D:3      | Reached XP level 5. HP: 17/46 MP: 5/5
  2282 | D:3      | Noticed a centaur
  2291 | D:3      | Killed a centaur
  2292 | D:3      | Reached skill level 7 in Axes
  2292 | D:3      | Reached XP level 6. HP: 48/52 MP: 6/6
  2497 | D:3      | Reached skill level 8 in Axes
  2905 | D:3      | Found a faded altar of an unknown god.
  3652 | D:4      | Reached skill level 9 in Axes
  3924 | D:4      | Reached XP level 7. HP: 41/58 MP: 7/7
  4416 | D:4      | Identified the +8 mace "Maantowa" {elec, *Corrode Str+3
                  | Int+5}
  4663 | D:5      | Entered Level 5 of the Dungeon
  4945 | D:5      | Reached skill level 5 in Shields
  5340 | D:5      | Identified the +4 leather armour of Resayck {Int+4}
  5366 | D:5      | Reached XP level 8. HP: 44/66 MP: 8/8
  5657 | D:5      | Acquired 1291 gold pieces
  5822 | D:6      | Found a staircase to the Ecumenical Temple.
  5912 | D:6      | Noticed Maggie
  5935 | D:6      | Slain by Maggie

Illustrated notes

Levels and vault maps discovered:
D:1:      psy_arrival_fountain, layout_basic
D:2:      layout_loops_cross, basic_altar, minmay_liquid_box, uniq_terence
D:3:      layout_basic, shapermc_ecumenical_altar_ellora,
          kennysheep_generic_room_16
D:4:      cheibrodos_quashed, layout_gridville
D:5:      layout_basic
D:6:      layout_basic, minmay_temple_entry_waves, lightli_sewer_entry_pipes,
          kennysheep_big_empty_room, uniq_prince_ribbit1, uniq_maggie

Skill      XL: |  1  2  3  4  5  6  7  8 |
---------------+-------------------------+-----
Axes           | 4 5 6 7 9 |  9.8
Shields        | 6 7 |  7.1
Fighting       | |  3.8
Armour         | |  3.4

Action                   |  1- 3 |  4- 6 |  7- 9 || total
-------------------------+-------+-------+-------++-------
Melee: War axe           |    67 |    98 |   141 ||   306
       Mace              |       |       |    12 ||    12
Throw: Dart              |     5 |     4 |     9 ||    18
  Use: Scroll            |     9 |     6 |     3 ||    18
       Potion            |     1 |       |       ||     1
Armor: Scale mail        |    10 |       |       ||    10
       Chain mail        |    22 |    72 |    40 ||   134
       Leather armour    |       |       |    19 ||    19
Dodge: Dodged            |    31 |    50 |    78 ||   159
Block: Buckler           |    18 |    26 |    35 ||    79
